 Dungeon Crawl Stone Soup version 0.16-a0-2059-gf848859 (webtiles) character file.

18 thegroundistoosoft the Insei (level 2, -3/24 HPs)
             Began as a Mummy Monk on Nov 11, 2014.
             Slain by a gnoll
             ... wielding a +0 flail
              (7 damage)
             ... on level 1 of the Dungeon.
             The game lasted 00:03:06 (923 turns).

thegroundistoosoft the Insei (Mummy Monk)            Turns: 923, Time: 00:03:06

Health: -3/24      AC:  0    Str: 14    XL:     2   Next: 48%
Magic:  2/2        EV: 13    Int:  9    God:
Gold:   43         SH:  0    Dex: 14    Spells: 0 memorised, 1 level left

rFire  x . .     SeeInvis .       - Unarmed
rCold  + . .     Clarity  .     (no armour)
rNeg   + + +     SustAb   .     (no shield)
rPois  +         Gourm    .     (no helmet)
rElec  .         Spirit   .     (no cloak)
rCorr  .         Warding  .     (no gloves)
rMut   .         Stasis   .     (no boots)
MR     .....                    (no amulet)
Stlth  ++........               (no ring)
                                (no ring)

@: not resistant to hostile enchantments, unstealthy
A: no food or potions, fire vulnerability, restore body, cold resistance 1,
negative energy resistance 3, poison resistance, torment resistance, unbreathing
a: no special abilities


You were on level 1 of the Dungeon.
You were not hungry.

You visited 1 branch of the dungeon, and saw 1 of its levels.

You collected 43 gold pieces.


Innate Abilities, Weirdness & Mutations

You do not eat or drink.
Your flesh is vulnerable to fire.
Your flesh is cold resistant.
You are immune to negative energy.
Your system is resistant to poisons.
You are immune to unholy pain and torment.
You can survive without breathing.


   Skills:
 - Level 3.0 Fighting
 - Level 2.5 Dodging
 - Level 2.0 Stealth
 + Level 3.5 Unarmed Combat


You had one spell level left.
You didn't know any spells.

Inventory:

Scrolls
 a - a scroll of amnesia {unknown}
 b - a scroll of teleportation {unknown}
 c - a scroll of fog {unknown}
Comestibles
 d - a slice of pizza (quivered)

Dungeon Overview and Level Annotations

Branches:
Dungeon (1/15)

Altars:

..........†.# #≈≈≈......
............# #≈P.8..<..
............# #≈≈≈......
............# ##≈≈P..8..
########'#.# ##≈≈≈.P.≈
#.........# ##≈≈≈.≈≈
#......)..####...###8'8#
#.......g.'.............
#......@..##############
#..........# ########
...........# #......####
.........g.# #.........)
..########g###..........
#....#....!.....
#....#..........
#....#..........
#....#......##..


You could see a gnoll, a hobgoblin and a goblin.


Message History

You swing at nothing.
You swing at nothing.
You see here 26 bolts.
You start resting.
A goblin comes into view.
A goblin is nearby!
The goblin shouts!
You swing at nothing.
You swing at nothing.
You completely miss the goblin. The goblin hits you.
You barely miss the goblin.
The hobgoblin shouts!
The goblin hits you.
* * * LOW HITPOINT WARNING * * *
You closely miss the goblin. The goblin closely misses you.
You closely miss the goblin. The goblin closely misses you.
You closely miss the goblin. The goblin misses you.
You see here 26 bolts.
The hobgoblin closely misses you. The goblin hits you.
* * * LOW HITPOINT WARNING * * *
The hobgoblin hits you.
* * * LOW HITPOINT WARNING * * *
The hobgoblin hits you.
* * * LOW HITPOINT WARNING * * *
A gnoll comes into view. It is wielding a flail.
Enter note: a-are you ready for a miracle The gnoll shouts!
The gnoll hits you with a flail!
You die...

Action                   || total
-------------------------++-------
Melee: Unarmed           ||    65

Vault maps used:
D:1:      lightli_arrival_statuegarden

Notes
Turn   | Place    | Note
--------------------------------------------------------------
     0 | D:1      | thegroundistoosoft, the Mummy Monk, began the quest for the Orb.
     0 | D:1      | Reached XP level 1. HP: 18/18 MP: 1/1
     7 | D:1      | TONIGHT IS THE NIGHT
   381 | D:1      | Reached XP level 2. HP: 22/24 MP: 2/2
   478 | D:1      | thegroundistoosoft: https://www.youtube.com/watch?v=bUo1PgKksgw
   478 | D:1      | thegroundistoosoft: ost
   532 | D:1      | moscheto: wooooooot
   533 | D:1      | READY AS I CAN BE
   533 | D:1      | moscheto: que e iso
   539 | D:1      | Reached skill level 2 in Stealth
   777 | D:1      | thegroundistoosoft: art thou ready
   921 | D:1      | a-are you ready for a miracle
   923 | D:1      | Slain by a gnoll

Vanquished Creatures
  2 bats (D:1)
  2 giant cockroaches (D:1)
  3 goblins (D:1)
  3 hobgoblins (D:1)
  2 kobolds (D:1)
  3 giant newts (D:1)
  A rat (D:1)
16 creatures vanquished.
